 Dungeon Crawl Stone Soup version 0.28.0 (webtiles) character file.

Game seed: 13333640031792402688

10106 Renzlar the Blocker (level 11, -4/89 HPs)
             Began as a Gnoll Fighter on Feb 13, 2022.
             Was an Elder of Okawaru.
             Slain by a boulder beetle (21 damage)
             ... on level 11 of the Dungeon.
             The game lasted 00:35:28 (13374 turns).

Renzlar the Blocker (Gnoll Fighter)                Turns: 13374, Time: 00:35:29

Health: -4/89      AC: 18    Str: 20    XL:     11   Next: 56%
Magic:  20/20      EV: 13    Int: 13    God:    Okawaru [****..]
Gold:   477        SH:  8    Dex: 15    Spells: 22/22 levels left

rFire   . . .      SeeInvis .   t - +3 flail (vorpal)
rCold   . . .      Faith    .   g - +0 buckler
rNeg    . . .      Spirit   .   n - +0 chain mail
rPois   +          Reflect  .   A - +0 helmet
rElec   .          Harm     .   p - +2 cloak
rCorr   .          Rampage  .   (no gloves)
Will    +....                   (no boots)
Stlth   ++........              r - amulet "Nuxepeud" {RegenMP +Inv Str+2}
HPRegen 0.24/turn               G - ring "Ehuosyorch" {rPois Will+ Int+3 Dex+4}
MPRegen 0.57/turn               D - +4 ring of slaying

@: mighty, heroic
A: fangs 1, strong nose, distributed training
a: Renounce Religion, Evoke Invisibility, Heroism, Finesse


You were on level 11 of the Dungeon.
You worshipped Okawaru.
Okawaru was greatly pleased with you.
You visited 2 branches of the dungeon, and saw 12 of its levels.

You collected 477 gold pieces.

Inventory:

Hand Weapons
 a - a +2 war axe of chaos
 c - a +0 fustibalus
 i - a +4 dagger of freezing
 t - a +3 vorpal flail (weapon)
 y - a +2 spear of flaming
Missiles
 f - 183 stones
 k - 2 throwing nets
 l - 20 poisoned darts (quivered)
 q - 5 javelins
 v - 13 sling bullets
 B - 69 bolts
Armour
 b - a +0 scale mail
 g - a +0 buckler (worn)
 n - a +0 chain mail (worn)
 p - a +2 cloak (worn)
 A - a +0 helmet (worn)
Jewellery
 r - the amulet "Nuxepeud" (around neck) {RegenMP +Inv Str+2}
   (You acquired it on level 7 of the Dungeon)

   [amulet of magic regeneration]

   It increases your rate of magic regeneration.
   Str:       It affects your strength (+2).
   +Inv:      It lets you turn invisible.
 x - a ring of resist corrosion
 D - a +4 ring of slaying (right hand)
 G - the ring "Ehuosyorch" (left hand) {rPois Will+ Int+3 Dex+4}
   (You found it on level 9 of the Dungeon)

   [ring of willpower]

   Int:       It affects your intelligence (+3).
   Dex:       It affects your dexterity (+4).
   rPois:     It protects you from poison.
   Will:      It increases your willpower.
Wands
 u - a wand of paralysis (6)
 w - a wand of digging (7)
Scrolls
 m - 2 scrolls of blinking
 z - 2 scrolls of fog
 E - a scroll of fear
Potions
 d - 2 potions of might
 e - 2 potions of haste
 h - 2 potions of resistance {unknown}
 j - 2 potions of heal wounds {unknown}
 o - 3 potions of curing
 s - 2 potions of flight
 C - a potion of invisibility {unknown}


   Skills:
 + Level 9.2(14.2) Fighting
 + Level 6.4(11.4) Short Blades
 + Level 6.4(11.4) Long Blades
 + Level 8.0(13.0) Axes
 + Level 6.4(11.4) Maces & Flails
 + Level 6.4(11.4) Polearms
 + Level 6.4(11.4) Staves
 + Level 6.4(11.4) Slings
 + Level 6.4(11.4) Bows
 + Level 6.4(11.4) Crossbows
 + Level 6.4(11.4) Throwing
 + Level 9.2(14.2) Armour
 + Level 6.4(11.4) Dodging
 + Level 6.4(11.4) Stealth
 + Level 9.2(14.2) Shields
 + Level 6.4(11.4) Unarmed Combat
 + Level 6.4 Spellcasting
 + Level 5.3 Conjurations
 + Level 5.3 Hexes
 + Level 5.3 Summonings
 + Level 5.3 Necromancy
 + Level 5.3 Translocations
 + Level 5.3 Transmutations
 + Level 5.3 Fire Magic
 + Level 5.3 Ice Magic
 + Level 5.3 Air Magic
 + Level 5.3 Earth Magic
 + Level 5.3 Poison Magic
 + Level 7.0 Invocations
 + Level 6.4 Evocations


You had 22 spell levels left.
You didn't know any spells.
Your spell library contained the following spells:

 Spells                   Type           Power      Damage    Failure   Level
 Sublimation of Blood     Necr           18%        N/A       19%         2
 Dazzling Flash           Conj/Hex       36%        N/A       34%         3
 Petrify                  Tmut/Erth      18%        N/A       75%         4
 Agony                    Necr           18%        N/A       97%         5
 Irradiate                Conj/Tmut      9%         3d17      97%         5
 Silence                  Hex/Air        9%         N/A       97%         5


Dungeon Overview and Level Annotations

Branches:
Dungeon (11/15)            Temple (1/1) D:7             Orc (0/2) D:10
   Lair: D:8-11

Altars:
Ashenzari
Cheibriados
Dithmenos
Elyvilon
Fedhas
Gozag
Hepliaklqana
Kikubaaqudgha
Makhleb
Nemelex Xobeh
Okawaru
Qazlal
Ru
Sif Muna
Trog
Uskayaw
Vehumet
Wu Jian
Xom
Yredelemnul
Zin
The Shining One

Shops:
D:11 [


Innate Abilities, Weirdness & Mutations

You have very sharp teeth.
Your uncanny sense of smell can sniff out nearby items.
Your experience applies equally to all skills.


Message History

The boulder beetle stops rolling and uncurls.
You hit the boulder beetle but do no damage.
The boulder beetle closely misses you.
You sock the boulder beetle!
The boulder beetle is lightly wounded.
You block the boulder beetle's attack.
You hit the boulder beetle.
The boulder beetle is moderately wounded.
The boulder beetle bites you.
You barely miss the boulder beetle.
The boulder beetle is moderately wounded.
The boulder beetle bites you!
You barely miss the boulder beetle.
The boulder beetle is moderately wounded.
The boulder beetle bites you!
You gain the combat prowess of a mighty hero.
You block the boulder beetle's attack.
You hit the boulder beetle.
The boulder beetle is moderately wounded.
The boulder beetle barely misses you.
You hit the boulder beetle but do no damage.
You bite the boulder beetle, but do no damage.
The boulder beetle is moderately wounded.
You block the boulder beetle's attack.
You hit the boulder beetle but do no damage.
The boulder beetle is moderately wounded.
The boulder beetle bites you!
You hit the boulder beetle.
You bite the boulder beetle, but do no damage.
The boulder beetle is moderately wounded.
The boulder beetle bites you!
* * * LOW HITPOINT WARNING * * *
You feel very mighty all of a sudden. The boulder beetle bites you!
* * * LOW HITPOINT WARNING * * *
Unknown command.
You sock the boulder beetle!
The boulder beetle is heavily wounded.
The boulder beetle bites you!!
You die...

#.............+...$....
#.......∩.....#.......
#.............#......
#.....>....####.....
####.....### #....
#.....# ... ##....# #C#
#######.### #B#
#.........# #@#
#.........# ##'#######
#.........####........#
#.........#..'........#
#...........##........#
#....>....####........#
..........# #......).#
..........# #........#
###......# #........+


You could see a boulder beetle and a cyclops.

Vanquished Creatures
  A hydra (D:10)
  3 two-headed ogres
  A wizard (D:9)
  A manticore (D:11)
  An ugly thing (D:9)
  2 trolls (D:9)
  A hornet (D:8)
  Grinder (D:4)
  A shadow (D:9)
  6 yaks (D:8)
  A vampire (D:10)
  A steam dragon (D:6)
  Edmund (D:4)
  2 water moccasins (D:7)
  2 orc warriors
  A black bear (D:7)
  An ice beast (D:8)
  2 necrophages
  5 centaurs
  2 phantoms
  A kobold brigand (D:9)
  A bullfrog (D:7)
  2 gnoll sergeants (D:9)
  4 scorpions
  2 wyvern skeletons
  10 wights
  8 howler monkeys
  2 bullfrog zombies
  6 centaur zombies
  A hound (D:5)
  2 bullfrog skeletons
  2 centaur skeletons
  A jelly (D:7)
  3 iguanas
  3 orc priests
  Jessica (D:3)
  A gnoll shaman (D:4)
  2 orc wizards
  2 hound skeletons
  A howler monkey zombie (D:9)
  7 adders
  12 gnolls
  2 howler monkey skeletons (D:6)
  A shadow imp (D:6)
  4 white imps
  3 ufetubi
  An adder skeleton (D:4)
  A worm (D:3)
  4 dart slugs
  23 orcs
  8 bats
  10 endoplasms
  2 giant cockroaches
  9 goblins
  9 hobgoblins
  3 jackals
  2 quokkas (D:1)
  6 ball pythons
  4 frilled lizards
  18 kobolds
  3 rats
223 creatures vanquished.

Notes
Turn   | Place    | Note
-------+----------+-------------------------------------------
     0 | D:1      | Renzlar the Gnoll Fighter began the quest for the Orb.
     0 | D:1      | Reached XP level 1. HP: 23/23 MP: 1/1
   161 | D:1      | Reached XP level 2. HP: 24/29 MP: 2/2
   440 | D:1      | Reached XP level 3. HP: 7/35 MP: 3/3
   982 | D:1      | Reached skill level 1 in Invocations
  1276 | D:1      | Reached skill level 1 in Short Blades
  1276 | D:1      | Reached skill level 1 in Long Blades
  1276 | D:1      | Reached skill level 1 in Maces & Flails
  1276 | D:1      | Reached skill level 1 in Polearms
  1276 | D:1      | Reached skill level 1 in Staves
  1276 | D:1      | Reached skill level 1 in Slings
  1276 | D:1      | Reached skill level 1 in Bows
  1276 | D:1      | Reached skill level 1 in Crossbows
  1276 | D:1      | Reached skill level 1 in Throwing
  1276 | D:1      | Reached skill level 1 in Dodging
  1276 | D:1      | Reached skill level 1 in Stealth
  1276 | D:1      | Reached skill level 1 in Unarmed Combat
  1276 | D:1      | Reached skill level 1 in Spellcasting
  1276 | D:1      | Reached skill level 1 in Evocations
  1506 | D:2      | Reached XP level 4. HP: 37/41 MP: 5/5
  2011 | D:3      | Noticed Jessica
  2017 | D:3      | Killed Jessica
  2018 | D:3      | Reached skill level 1 in Conjurations
  2018 | D:3      | Reached skill level 1 in Hexes
  2018 | D:3      | Reached skill level 1 in Summonings
  2018 | D:3      | Reached skill level 1 in Necromancy
  2018 | D:3      | Reached skill level 1 in Translocations
  2018 | D:3      | Reached skill level 1 in Transmutations
  2018 | D:3      | Reached skill level 1 in Fire Magic
  2018 | D:3      | Reached skill level 1 in Ice Magic
  2018 | D:3      | Reached skill level 1 in Air Magic
  2018 | D:3      | Reached skill level 1 in Earth Magic
  2018 | D:3      | Reached skill level 1 in Poison Magic
  2257 | D:3      | Found a faded altar of an unknown god.
  2440 | D:3      | Reached XP level 5. HP: 40/47 MP: 6/6
  3397 | D:4      | Reached XP level 6. HP: 53/53 MP: 8/8
  3425 | D:4      | Reached skill level 5 in Axes
  3440 | D:4      | Noticed Edmund
  3460 | D:4      | Killed Edmund
  3461 | D:4      | Reached XP level 7. HP: 31/59 MP: 10/10
  3964 | D:4      | Noticed Grinder
  3978 | D:4      | Killed Grinder
  4144 | D:4      | Reached XP level 8. HP: 66/67 MP: 12/12
  4455 | D:5      | Entered Level 5 of the Dungeon
  4547 | D:5      | Found a sacrificial altar of Ru.
  5242 | D:5      | Found an ornate altar of the Wu Jian Council.
  6075 | D:6      | Found a hide-covered altar of Uskayaw.
  6164 | D:6      | Found a broken altar of Ashenzari.
  6491 | D:6      | Found a bloodstained altar of Trog.
  6491 | D:6      | Found a blossoming altar of Fedhas.
  6492 | D:6      | Found a sparkling altar of Nemelex Xobeh.
  6502 | D:6      | Found a snail-covered altar of Cheibriados.
  6511 | D:6      | Found a shimmering blue altar of Sif Muna.
  6816 | D:6      | Reached XP level 9. HP: 69/72 MP: 14/14
  7924 | D:7      | Found a staircase to the Ecumenical Temple.
  7933 | Temple   | Entered the Ecumenical Temple
  7964 | Temple   | Became a worshipper of Warmaster Okawaru
  8383 | D:7      | Identified a scroll of acquirement
  8383 | D:7      | Acquired the amulet "Nuxepeud" {RegenMP +Inv Str+2}
  8774 | D:8      | Found a shadowy altar of Dithmenos.
  8964 | D:8      | Reached skill level 5 in Invocations
  9110 | D:8      | Reached * piety under Okawaru
  9123 | D:8      | Reached XP level 10. HP: 65/80 MP: 17/17
  9136 | D:8      | Reached skill level 5 in Short Blades
  9136 | D:8      | Reached skill level 5 in Long Blades
  9136 | D:8      | Reached skill level 5 in Maces & Flails
  9136 | D:8      | Reached skill level 5 in Polearms
  9136 | D:8      | Reached skill level 5 in Staves
  9136 | D:8      | Reached skill level 5 in Slings
  9136 | D:8      | Reached skill level 5 in Bows
  9136 | D:8      | Reached skill level 5 in Crossbows
  9136 | D:8      | Reached skill level 5 in Throwing
  9136 | D:8      | Reached skill level 5 in Dodging
  9136 | D:8      | Reached skill level 5 in Stealth
  9136 | D:8      | Reached skill level 5 in Unarmed Combat
  9136 | D:8      | Reached skill level 5 in Spellcasting
  9136 | D:8      | Reached skill level 5 in Evocations
  9535 | D:8      | Noticed a two-headed ogre
  9543 | D:8      | Killed a two-headed ogre
  9543 | D:8      | Reached ** piety under Okawaru
 11233 | D:9      | Noticed a wizard
 11245 | D:9      | Noticed a purple ugly thing
 11257 | D:9      | Killed a wizard
 11257 | D:9      | Reached *** piety under Okawaru
 11259 | D:9      | Killed a purple ugly thing
 11260 | D:9      | Reached XP level 11. HP: 78/87 MP: 19/19
 11359 | D:9      | Identified the ring "Ehuosyorch" {rPois Will+ Int+3 Dex+4}
 11553 | D:10     | Entered Level 10 of the Dungeon
 11626 | D:10     | Found a staircase to the Orcish Mines.
 11631 | D:10     | Noticed a two-headed ogre
 11642 | D:10     | HP: 4/87 [two-headed ogre (2)]
 11643 | D:10     | Killed a two-headed ogre
 11644 | D:10     | Reached skill level 5 in Conjurations
 11644 | D:10     | Reached skill level 5 in Hexes
 11644 | D:10     | Reached skill level 5 in Summonings
 11644 | D:10     | Reached skill level 5 in Necromancy
 11644 | D:10     | Reached skill level 5 in Translocations
 11644 | D:10     | Reached skill level 5 in Transmutations
 11644 | D:10     | Reached skill level 5 in Fire Magic
 11644 | D:10     | Reached skill level 5 in Ice Magic
 11644 | D:10     | Reached skill level 5 in Air Magic
 11644 | D:10     | Reached skill level 5 in Earth Magic
 11644 | D:10     | Reached skill level 5 in Poison Magic
 11646 | D:10     | Noticed a two-headed ogre
 12091 | D:9      | Killed a two-headed ogre
 12091 | D:9      | Reached **** piety under Okawaru
 13103 | D:11     | Noticed a seven-headed hydra
 13103 | D:11     | Found Cepoyc's Antique Armour Emporium.
 13113 | D:10     | Killed a seven-headed hydra
 13353 | D:11     | Noticed a cyclops
 13353 | D:11     | Noticed a manticore
 13353 | D:11     | Noticed a boulder beetle
 13360 | D:11     | Killed a manticore
 13374 | D:11     | Slain by a boulder beetle

Illustrated notes

Levels and vault maps discovered:
D:1:      dpeg_arrival_arbitrary_b, layout_loops_corners, minmay_pentomino_w4
D:2:      layout_loops_ring, hangedman_feature_mirror
D:3:      layout_loops_corners, shapermc_ecumenical_altar_starsandcircs,
          uniq_jessica
D:4:      layout_basic, uniq_grinder, uniq_edmund
D:5:      layout_basic, marbit_many_paths, nicolae_ru_great_annihilating_truth
D:6:      layout_basic, nicolae_overflow_hidden_temple,
          overflow_temple_1_default, nicolae_ashenzari_panopticon,
          nicolae_overflow_quartered_altars
D:7:      layout_rooms, minmay_temple_entry_ruins, enter_bailey_3,
          minmay_tree_intersection
D:8:      layout_gridville, nicolae_dithmenos_the_darkroom
D:9:      kennysheep_blocky_room, layout_long_grid,
          chequers_serial_rivers_large_a
D:10:     layout_rooms, orc_0_dummy
D:11:     layout_roguey, grunt_lair_entry_orc_guard_hut, gammafunk_ghost_icy,
          serial_shops, nicolae_stop_n_shop_1, enter_trove_2
Temple:   minmay_temple_bridge_abc

Skill      XL: |  1  2  3  4  5  6  7  8  9 10 11 |
---------------+----------------------------------+-----
Invocations    | 1 2 3 4 5 6 7 |  7.0
Short Blades   | 1 2 3 4 5 6 |  6.4
Long Blades    | 1 2 3 4 5 6 |  6.4
Maces & Flails | 1 2 3 4 5 6 |  6.4
Polearms       | 1 2 3 4 5 6 |  6.4
Staves         | 1 2 3 4 5 6 |  6.4
Slings         | 1 2 3 4 5 6 |  6.4
Bows           | 1 2 3 4 5 6 |  6.4
Crossbows      | 1 2 3 4 5 6 |  6.4
Throwing       | 1 2 3 4 5 6 |  6.4
Dodging        | 1 2 3 4 5 6 |  6.4
Stealth        | 1 2 3 4 5 6 |  6.4
Unarmed Combat | 1 2 3 4 5 6 |  6.4
Spellcasting   | 1 2 3 4 5 6 |  6.4
Evocations     | 1 2 3 4 5 6 |  6.4
Conjurations   | 1 2 3 4 5 |  5.3
Hexes          | 1 2 3 4 5 |  5.3
Summonings     | 1 2 3 4 5 |  5.3
Necromancy     | 1 2 3 4 5 |  5.3
Translocations | 1 2 3 4 5 |  5.3
Transmutations | 1 2 3 4 5 |  5.3
Fire Magic     | 1 2 3 4 5 |  5.3
Ice Magic      | 1 2 3 4 5 |  5.3
Air Magic      | 1 2 3 4 5 |  5.3
Earth Magic    | 1 2 3 4 5 |  5.3
Poison Magic   | 1 2 3 4 5 |  5.3
Axes           | 5 6 7 8 |  8.0
Fighting       | 7 8 9 |  9.2
Armour         | 7 8 9 |  9.2
Shields        | 7 8 9 |  9.2

Action                   |  1- 3 |  4- 6 |  7- 9 | 10-12 || total
-------------------------+-------+-------+-------+-------++-------
Melee: War axe           |   110 |    89 |    37 |    39 ||   275
       Bite              |     9 |     7 |    28 |    24 ||    68
       Dagger            |       |    12 |       |     5 ||    17
       Flail             |       |       |   197 |   105 ||   302
       Whip              |       |       |    17 |       ||    17
       Spear             |       |       |       |    13 ||    13
 Fire: Hunting sling     |     7 |    43 |   157 |    81 ||   288
       Fustibalus        |       |       |       |     6 ||     6
Throw: Stone             |     5 |       |       |       ||     5
       Dart              |       |     9 |       |     7 ||    16
Invok: Heroism           |       |       |       |     4 ||     4
  Use: Scroll            |     2 |     3 |    10 |     3 ||    18
       Potion            |       |       |       |     1 ||     1
Armor: Scale mail        |    55 |     2 |       |       ||    57
       Chain mail        |       |    47 |   132 |    72 ||   251
Dodge: Dodged            |    66 |    23 |    82 |   103 ||   274
Block: Buckler           |    37 |    27 |    78 |    64 ||   206
